 Dungeon Crawl Stone Soup version 0.30-a0-475-g03497ec522 (webtiles) character file.

Game seed: 10644333469872589624

81 bmack86 the Covered (level 4, -1/40 HPs)
             Began as a Minotaur Fighter on Dec 21, 2022.
             Slain by a gnoll
             ... wielding a +0 halberd
              (9 damage)
             ... on level 3 of the Dungeon.
             The game lasted 00:03:58 (1982 turns).

bmack86 the Covered (Minotaur Fighter)              Turns: 1982, Time: 00:03:59

Health: -1/40      AC: 12    Str: 22    XL:     4   Next: 19%
Magic:  3/3        EV:  6    Int:  5    God:
Gold:   116        SH:  4    Dex: 10    Spells: 3/3 levels left

rFire   . . .      SeeInvis .    a - +0 war axe
rCold   . . .      Faith    .    c - +0 buckler
rNeg    . . .      Spirit   .    i - +0 plate armour
rPois   .          Reflect  .    (helmet restricted)
rElec   .          Harm     .    (no cloak)
rCorr   .          Rampage  .    (no gloves)
Will    .....                    (no boots)
Stlth   ..........               (no amulet)
HPRegen 0.26/turn                (no ring)
MPRegen 0.08/turn                (no ring)

@: no status effects
A: horns 2, retaliatory headbutt
a: no special abilities


You were on level 3 of the Dungeon.
You visited 1 branch of the dungeon, and saw 3 of its levels.

You collected 116 gold pieces.

Inventory:

Hand Weapons
 a - a +0 war axe (weapon)
Missiles
 n - 6 poisoned darts (quivered)
Armour
 b - a +0 scale mail
 c - a +0 buckler (worn)
 e - a +0 chain mail
 i - a +0 plate armour (worn)
Wands
 l - a wand of quicksilver (6)
Scrolls
 f - 2 scrolls of torment {unknown}
 h - a scroll of identify {unknown}
 j - a scroll of teleportation {unknown}
 k - a scroll of noise {unknown}
 m - a scroll of magic mapping {unknown}
Potions
 d - a potion of might
 g - a potion of mutation {unknown}


   Skills:
 + Level 4.1 Fighting
 + Level 3.6 Axes
 + Level 4.4 Armour
 + Level 0.2 Dodging
 + Level 4.2 Shields


You had 3 spell levels left.
You didn't know any spells.
Your spell library contained the following spells:

 Spells                   Type           Power      Damage    Failure   Level
 Slow                     Hex            0%         N/A       100%        1
 Confusing Touch          Hex            0%         N/A       100%        3
 Swiftness                Air            0%         N/A       100%        3
 Vampiric Draining        Necr           0%         2d6       100%        3
 Airstrike                Air            0%         2d(0-16)  100%        4
 Lightning Bolt           Conj/Air       0%         1d11      100%        5
 Iron Shot                Conj/Erth      0%         9d1       100%        6


Dungeon Overview and Level Annotations

Branches:
Dungeon (3/15)

Altars:
Elyvilon


Innate Abilities, Weirdness & Mutations

You have a pair of horns on your head.
You reflexively headbutt those who attack you in melee.


Message History

The gnoll is lightly wounded.
You hit the bat.
You kill the bat!
The gnoll hits you with a +0 flail. The gnoll closely misses you.
The gnoll barely misses you. You block the gnoll's attack.
The gnoll closely misses you.
You barely miss the gnoll. Your headbutt misses the gnoll.
The gnoll is lightly wounded.
You slash the gnoll! You block the gnoll's attack.
The gnoll hits you but does no damage. The gnoll barely misses you.
You barely miss the gnoll.
The gnoll is lightly wounded.
You hit the gnoll.
You kill the gnoll!
The gnoll barely misses you. The gnoll hits you with a +0 flail!
You block the gnoll's attack. The gnoll hits you but does no damage.
You have reached level 4!
You feel agile.
You barely miss the gnoll.
The gnoll is lightly wounded.
The gnoll hits you with a +0 flail!
* * * LOW HITPOINT WARNING * * *
The gnoll hits you from afar with a +0 halberd.
* * * LOW HITPOINT WARNING * * *
You slash the gnoll!
You kill the gnoll!
The gnoll hits you from afar with a +0 halberd.
* * * LOW HITPOINT WARNING * * *
The gnoll barely misses you.
Things that are here:
a +0 flail; a gnoll corpse The gnoll hits you but does no damage.
You barely miss the gnoll. The gnoll completely misses you.
You block the gnoll's attack.
You closely miss the gnoll. The gnoll closely misses you.
You furiously retaliate!
You headbutt the gnoll! You hit the gnoll.
The gnoll is almost dead.
The gnoll hits you with a +0 halberd!
You die...

#..#.#..##.....#
#..#.#..##....##
#.............#
##.#.#####.#.##
#.#.# #.#.#
#.#.#####.#+##
#.#..........##
..#######.....##
#.# #@))....# ..
#.g.......#
+.........+
#.........#
##.......##
##.....##
##...## #+##


You could see a gnoll.

Vanquished Creatures
  2 gnolls (D:3)
  An adder (D:3)
  A worm (D:2)
  A dart slug (D:1)
  An orc (D:3)
  7 ball pythons
  6 bats
  3 endoplasms
  2 giant cockroaches
  4 goblins
  4 hobgoblins
  4 kobolds
  A quokka (D:1)
  4 frilled lizards
  5 rats
46 creatures vanquished.

Notes
Turn   | Place    | Note
-------+----------+-------------------------------------------
     0 | D:1      | bmack86 the Minotaur Fighter began the quest for the Orb.
     0 | D:1      | Reached XP level 1. HP: 19/19 MP: 0/0
   114 | D:1      | Got the Quarto of the Geological Storm
   258 | D:1      | Reached XP level 2. HP: 26/27 MP: 1/1
   948 | D:2      | Found a faded altar of an unknown god.
  1036 | D:2      | Reached XP level 3. HP: 32/33 MP: 2/2
  1700 | D:3      | Found a white marble altar of Elyvilon.
  1976 | D:3      | Reached XP level 4. HP: 17/40 MP: 3/3
  1982 | D:3      | Slain by a gnoll

Illustrated notes

Levels and vault maps discovered:
D:1:      psy_arrival_conway, layout_basic, st_stairs_3,
          kennysheep_decorative_pillar
D:2:      layout_loops_corners, ebering_ecumenical_altar_mist,
          grunt_ministairs_8
D:3:      layout_loops_corners, mainiacjoe_overflow_boulevard

Skill      XL: |  1  2  3 |
---------------+----------+-----
Fighting       | 4 |  4.1
Armour         | 4 |  4.4
Shields        | 4 |  4.2
Axes           | 3 |  3.6
Dodging        | |  0.2

Action                   |  1- 3 |  4- 6 || total
-------------------------+-------+-------++-------
Melee: War axe           |    79 |     5 ||    84
       Headbutt          |     7 |       ||     7
  Use: Scroll            |     3 |       ||     3
Armor: Chain mail        |    20 |       ||    20
       Plate armour      |    39 |     1 ||    40
Dodge: Dodged            |    37 |     3 ||    40
Block: Buckler           |    27 |     1 ||    28

Table legend: (Time is in decaauts)
 A = Elapsed time spent in this place.
 B = Non-inter-level travel time spent in this place.
 C = Inter-level travel time spent in this place.
 D = Time resting spent in this place.
 E = Time spent auto-exploring this place.
 F = Levels seen in this place.
 G = Mean time per level.
                   A        B        C        D        E       F      G
               +--------+--------+--------+--------+--------+-----+--------+
         Total |   2019 |   1952 |     67 |      0 |   1514 |   3 |  673.0 |
       Dungeon |   2019 |   1952 |     67 |      0 |   1514 |   3 |  673.0 |
               +--------+--------+--------+--------+--------+-----+--------+

Top non-repeatable levels by time:
     D:2: 854 daAuts
     D:1: 808 daAuts
     D:3: 356 daAuts
